AoeStats
← Ultimate_Boredom

Arena

508382886Analyzed
4v4 RM · 11d ago on Sep 22, 2026· 45m 22s· 8 players
Game mode
Random Map
Map size
Large (8 player)
Population
200
Speed
Normal
Resources
Standard
Victory
Conquest
Starting age
Dark Age
Ending age
Imperial Age
RankedLock teamsTeams togetherTeam positionsShared explorationLock speedFull tech treeHidden civsTurbo modeCheats
Victory
Defeat
1394
+12
🇨🇳 Vietnamese · China
1363
+13
🇮🇳 Ethiopians · India
1349
+14
🇪🇸 Vikings · Spain
1305
+16
🇨🇳 Bohemians · China
1416
-19
🇬🇧 Wei · United Kingdom
1271
-12
🇯🇵 Turks · Japan
1271
-12
🇹🇼 Chinese · Taiwan
1271
-12
snek_fan
9:12 Feudal Age
13:09 Castle Age
17:10 Scale Mail Armor
19:48 Chain Mail Armor
19:50 Squires
20:01 Arson
24:23 Forging
32:56 Double-Bit Axe
34:26 Loom
35:42 Masonry
45:18 Imperial Age
43:51 Wheelbarrow
44:52 Hand Cart
44:23 Town Watch
Aspirante
10:42 Feudal Age
14:29 Castle Age
13:25 Double-Bit Axe
22:59 Scale Mail Armor
24:37 Forging
27:43 Chain Mail Armor
31:16 Gold Mining
31:08 Horse Collar
32:34 Loom
35:49 Imperial Age
33:15 Fletching
33:26 Padded Archer Armor
34:35 Bodkin Arrow
34:57 Leather Archer Armor
35:06 Ballistics
34:11 Elite Skirmisher
34:17 Man-at-Arms
35:34 Long Swordsman
36:00 Gambesons
36:16 Squires
37:40 Chemistry
37:39 Bracer
38:10 Plate Mail Armor
38:37 Ring Archer Armor
38:43 Iron Casting
37:51 Two-Handed Swordsman
39:01 Heavy Plow
39:54 Bogsveigar
43:04 Blast Furnace
42:55 Champion
43:20 Arson
43:43 Capped Ram
44:49 Siege Ram
下雨天。。。。
10:48 Feudal Age
14:47 Castle Age
12:43 Horse Collar
13:00 Double-Bit Axe
15:22 Wheelbarrow
16:00 Bow Saw
17:00 Heavy Plow
20:34 Hand Cart
21:18 Gold Mining
23:03 Gold Shaft Mining
27:26 Imperial Age
25:00 Loom
25:49 Padded Archer Armor
25:38 Town Watch
26:56 Ballistics
27:16 Stone Mining
27:43 Leather Archer Armor
27:53 Grand Trunk Road
27:45 Fletching
28:18 Shatagni
28:39 Conscription
29:24 Chemistry
29:33 Ring Archer Armor
30:07 Two-Man Saw
29:37 Bodkin Arrow
30:51 Bracer
32:04 Forging
32:00 Scale Barding Armor
33:57 Heavy Camel Rider
34:38 Husbandry
34:48 Bloodlines
35:16 Iron Casting
35:44 Chain Barding Armor
37:31 Blast Furnace
36:05 Imperial Camel Rider
40:01 Coinage
41:12 Banking
闲置村民
10:50 Feudal Age
14:48 Castle Age
13:03 Double-Bit Axe
14:52 Horse Collar
17:01 Bow Saw
19:49 Loom
21:14 Gold Mining
23:12 Wheelbarrow
23:46 Heavy Plow
23:31 Elite Skirmisher
26:03 Stone Mining
26:50 Padded Archer Armor
28:51 Hand Cart
31:53 Imperial Age
31:59 Imperial Age
30:02 Scale Mail Armor
30:12 Forging
30:55 Scale Barding Armor
32:10 Iron Casting
31:37 Husbandry
31:48 Bloodlines
32:59 Chain Barding Armor
33:26 Elite Battle Elephant
35:28 Chatras
37:51 Two-Man Saw
39:14 Plate Barding Armor
40:01 Chemistry
39:22 Ballistics
Ultimate_Boredom
11:07 Feudal Age
11:44 Horse Collar
11:58 Double-Bit Axe
15:18 Loom
18:02 Castle Age
19:32 Bow Saw
20:12 Scale Barding Armor
20:20 Forging
20:42 Heavy Plow
22:15 Bloodlines
22:28 Chain Barding Armor
22:54 Husbandry
23:32 Iron Casting
23:50 Wheelbarrow
25:51 Gold Mining
31:12 Imperial Age
29:21 Gold Shaft Mining
29:43 Tuntian
29:08 Light Cavalry
29:54 Stone Mining
31:08 Hand Cart
33:02 Blast Furnace
31:35 Heavy Hei Guang Cavalry
32:50 Ming Guang Armor
32:57 Conscription
32:51 Fortified Wall
32:23 Treadmill Crane
38:39 Hussar
40:33 Masonry
40:19 Murder Holes
40:45 Ballistics
41:26 Chemistry
40:19 Fletching
41:53 Bodkin Arrow
a506b8123il
0:28 Loom
10:24 Feudal Age
15:18 Castle Age
13:35 Double-Bit Axe
13:57 Horse Collar
16:16 Bow Saw
25:46 Town Watch
28:39 Heavy Plow
28:45 Gold Mining
33:53 Imperial Age
32:23 Gold Shaft Mining
31:41 Pikeman
32:21 Squires
33:00 Scale Mail Armor
33:26 Guard Tower
34:28 Chain Mail Armor
36:11 Wheelbarrow
37:23 Hand Cart
38:18 Hand Cart
41:12 Capped Ram
42:13 Man-at-Arms
43:15 Long Swordsman
44:29 Plate Mail Armor
44:11 Forging
RomaSaga
3:23 Loom
11:25 Feudal Age
13:24 Double-Bit Axe
15:43 Castle Age
14:04 Horse Collar
16:04 Loom
16:41 Bow Saw
16:32 Heavy Plow
22:13 Town Watch
24:56 Gold Mining
24:56 Stone Mining
29:24 Imperial Age
27:02 Scale Barding Armor
27:38 Forging
28:44 Wheelbarrow
28:47 Gold Shaft Mining
28:55 Padded Archer Armor
30:03 Iron Casting
30:14 Chain Barding Armor
30:41 Leather Archer Armor
31:06 Bloodlines
30:49 Cavalier
33:37 Blast Furnace
33:55 Plate Barding Armor
34:01 Hand Cart
35:40 Ring Archer Armor
36:48 Two-Man Saw
35:51 Town Patrol
36:59 Conscription
37:38 Husbandry
37:30 Fletching
39:18 Artillery
39:16 Capped Ram
41:00 Bodkin Arrow
41:26 Bombard Tower
40:48 Treadmill Crane
41:03 Murder Holes
44:04 Fortified Wall
我是你大飞哥
11:20 Feudal Age
15:01 Castle Age
13:59 Double-Bit Axe
16:48 Fervor
22:39 Fortified Wall
23:59 Wheelbarrow
24:09 Loom
25:18 Hand Cart
28:10 Chemistry
31:56 Chemistry
41:43 Imperial Age
40:46 Pikeman
41:27 Squires
41:28 Padded Archer Armor
42:12 Wagenburg Tactics
41:59 Halberdier
43:38 Scale Mail Armor
43:48 Forging
43:35 Horse Collar
Connection lost

Rejoining the realm…

Still unreachable

The connection could not be restored.

Session expired

The server has moved on; the page needs a fresh start.